 Dungeon Crawl Stone Soup version 0.25-a0-294-gea9b1ad (webtiles) character file.

Game seed: 12488374475756006855, levelgen mode: deterministic

660 15 the Gusty (level 7, -9/38 HPs)
             Began as a Tengu Air Elementalist on Dec 17, 2019.
             Splashed by an acid dragon's acid (13 damage)
             ... led by Pikel
             ... on level 5 of the Dungeon.
             The game lasted 00:18:52 (4090 turns).

15 the Gusty (Tengu Air Elementalist)               Turns: 4090, Time: 00:18:52

Health: -9/38      AC:  0    Str: 10    XL:     7   Next: 56%
Magic:  12/13      EV: 16    Int: 16    God:
Gold:   227        SH:  0    Dex: 14    Spells: 3/13 levels left

rFire    . . .     SeeInvis .   s - +4 quarterstaff (chaos)
rCold    . . .     Gourm    .   (shield currently unavailable)
rNeg     . . .     Faith    .   a - +0 robe
rPois    +         Spirit   .   (helmet restricted)
rElec    .         Reflect  .   v - +0 cloak
rCorr    .         Harm     .   (no gloves)
MR       .....                  (boots unavailable)
Stlth    ++........             (no amulet)
HPRegen  0.12/turn              b - ring of poison resistance
MPRegen  0.13/turn              (no ring)

@: about to teleport, corroded, flying quickly and evasively, quick
A: beak, talons 3, able to fly
a: Stop Flying


You were on level 5 of the Dungeon.
You were not hungry.

You visited 1 branch of the dungeon, and saw 5 of its levels.

You collected 227 gold pieces.

Inventory:

Hand Weapons
 e - a +0 long sword
 f - a +0 whip
 l - a +1 mace of crushing
 s - a +4 quarterstaff of chaos (weapon)
 t - a +2 dagger of venom
Armour
 a - a +0 robe (worn)
 v - a +0 cloak (worn)
Jewellery
 b - a ring of poison resistance (left hand)
 d - an uncursed ring of ice
Wands
 u - a wand of scattershot (2)
 x - a wand of polymorph (6)
Scrolls
 h - 2 scrolls of identify
 j - 2 scrolls of enchant weapon {unknown}
 k - 2 scrolls of teleportation
 m - 3 scrolls of enchant armour {unknown}
 n - 2 scrolls of amnesia {unknown}
 p - a scroll of noise {unknown}
 r - a scroll of fog {unknown}
 w - a scroll of blinking {unknown}
Potions
 g - a potion of curing
 i - 2 potions of brilliance
 o - a potion of might
 q - a potion of lignification {unknown}
 z - a potion of ambrosia {unknown}
Comestibles
 c - 12 rations


   Skills:
 + Level 1.1 Fighting
 + Level 1.4 Short Blades
 + Level 1.1 Maces & Flails
 * Level 0.9 Armour
 + Level 3.6 Dodging
 + Level 3.5 Stealth
 + Level 3.7 Spellcasting
 + Level 4.3 Conjurations
 * Level 6.7 Air Magic


You had 3 spell levels left.
You knew the following spells:

 Your Spells              Type           Power        Failure   Level  Hunger
a - Shock                 Conj/Air       ###.         1%          1    None
b - Swiftness             Chrm/Air       ##......     7%          2    ##.....
c - Static Discharge      Conj/Air       ###.....     5%          3    ###....
d - Airstrike             Air            ###.......   11%         4    ####...

Your spell library contained the following spells:

 Spells                   Type           Power        Failure   Level  Hunger
 Beastly Appendage        Tmut           #.....       17%         1    None
 Sticks to Snakes         Tmut           #.......     26%         2    ##.....
 Spider Form              Tmut/Pois      #.........   45%         3    ###....
 Lightning Bolt           Conj/Air       ###.......   45%         5    ######.
 Ice Form                 Ice/Tmut       #.......     86%         4    ####...
 Blade Hands              Tmut           #.........   99%         5    ######.


Dungeon Overview and Level Annotations

Branches:
Dungeon (5/15)
 Temple: D:4-7

Altars:
Cheibriados
Fedhas
Qazlal
Yredelemnul

Annotations:
D:3 2 transporters
D:5 Ijyb, Pikel


Innate Abilities, Weirdness & Mutations

You have a beak for a mouth.
You have claws for feet.
You can fly continuously.


Message History

Press: ? - help, Shift-Dir - straight line, f - slave
Aim: a slave The zap misses the acid dragon.
The zap hits the slave!
The slave is moderately wounded.
The zap misses the hound skeleton.
The zap misses the slave.
Ijyb shouts!
The acid dragon closely misses you. The acid dragon misses you.
As you read the scroll of teleportation, it crumbles to dust.
You feel strangely unstable.
Ijyb screams, "It's all mine!"
The acid dragon bites you!
* * * LOW HITPOINT WARNING * * *
The acid dragon claws you.
* * * LOW HITPOINT WARNING * * *
You feel better. The acid dragon spits acid at you.
The splash of acid hits you!
* * * LOW HITPOINT WARNING * * *
The acid corrodes you!
You are splashed with acid!
You die...

.. .# #.# #.# #.# #.#
#.# #.# #.# #.# . #.#
#.# ... #.#########.#
...ZK######..)........##
#..phpD@....####.......#
###########............#
#..###.####### #..###.##
#..##...######
###............#
..#.##..(###..#
#.#.###.#.....#
..###.#.###.#.##..#


You could see Pikel, an acid dragon, 2 slaves, a howler monkey and a hound
skeleton.

Vanquished Creatures
  An ogre (D:4)
  A scorpion (D:4)
  A crimson imp (D:5)
  A bullfrog zombie (D:5)
  4 hounds
  Crazy Yiuf (D:5)
  An iguana (D:4)
  4 worker ants (D:4)
  4 gnolls (D:5)
  6 adders
  A shadow imp (D:5)
  2 oozes (D:4)
  3 worms
  3 leopard geckos
  7 orcs (D:4)
  2 ball pythons
  6 bats
  5 giant cockroaches
  2 gnoll zombies (D:2)
  10 goblins
  4 hobgoblins
  3 jackals (D:2)
  3 frilled lizards
  5 kobolds
  2 rats (D:2)
  A fungus (D:5)
83 creatures vanquished.

Notes
Turn   | Place    | Note
-------+----------+-------------------------------------------
     0 | D:1      | 15 the Tengu Air Elementalist began the quest for the Orb.
     0 | D:1      | Reached XP level 1. HP: 10/10 MP: 4/4
   356 | D:1      | Reached XP level 2. HP: 8/15 MP: 6/6
   360 | D:1      | Learned a level 2 spell: Swiftness
   511 | D:1      | Found a stormy altar of Qazlal.
   665 | D:1      | Reached XP level 3. HP: 15/19 MP: 4/7
   670 | D:1      | Learned a level 3 spell: Static Discharge
   879 | D:2      | Reached skill level 5 in Air Magic
   880 | D:2      | Reached XP level 4. HP: 8/24 MP: 0/8
  1574 | D:2      | Found a basalt altar of Yredelemnul.
  1813 | D:3      | Found a blossoming altar of Fedhas.
  1865 | D:3      | Noticed a bullfrog
  1867 | D:3      | Found a transporter.
  1868 | D:3      | Found a snail-covered altar of Cheibriados.
  1868 | D:3      | Noticed a two-headed ogre
  1892 | D:3      | Found a transporter.
  2448 | D:4      | Gained mutation: You can fly continuously. [Tengu growth]
  2448 | D:4      | Reached XP level 5. HP: 16/28 MP: 8/10
  2758 | D:4      | Reached skill level 1 in Maces & Flails
  2834 | D:4      | Reached XP level 6. HP: 14/33 MP: 9/11
  2840 | D:4      | Learned a level 4 spell: Airstrike
  3168 | D:4      | Got a polished hunting sling
  3169 | D:4      | Identified the +8 hunting sling "Noraet" {velocity, Fragile
                  | rF+ Dex+6} (You found it on level 4 of the Dungeon)
  3343 | D:4      | Reached skill level 1 in Short Blades
  3355 | D:4      | Reached skill level 1 in Fighting
  3355 | D:4      | Reached skill level 6 in Air Magic
  3355 | D:4      | Reached XP level 7. HP: 34/38 MP: 5/13
  3610 | D:5      | Entered Level 5 of the Dungeon
  3965 | D:5      | Found a runed translucent door.
  3966 | D:5      | Noticed Crazy Yiuf
  3973 | D:5      | Killed Crazy Yiuf
  4084 | D:5      | Noticed Pikel
  4087 | D:5      | Noticed Ijyb
  4090 | D:5      | Splashed by an acid dragon's acid

Levels and vault maps discovered:
D:1:      sevenhm_arrival_forest_fort_small_6, layout_loops_ring
D:2:      layout_loops_ring, lemuel_zombie_altar_yredelemnul,
          minmay_misc_feat_room
D:3:      layout_basic, gammafunk_temple_overflow_arena, old_standard_altar,
          first_ration, feat_on_display
D:4:      layout_loops_corners
D:5:      layout_loops_ring, kennysheep_little_box, basic_altar, chequers_jeans,
          uniq_crazy_yiuf_cottage, uniq_ijyb, uniq_pikel

Skill      XL: |  1  2  3  4  5  6 |
---------------+-------------------+-----
Conjurations   | 2 3 4 |  4.3
Air Magic      | 5 6 |  6.7
Dodging        | 3 |  3.6
Maces & Flails | 1 |  1.1
Stealth        | 3 |  3.5
Spellcasting   | 3 |  3.7
Short Blades   | 1 |  1.4
Fighting       | 1 |  1.1
Armour         | |  0.9

Action                   |  1- 3 |  4- 6 |  7- 9 || total
-------------------------+-------+-------+-------++-------
Melee: Dagger            |    15 |    32 |    48 ||    95
       Peck              |     4 |     7 |    11 ||    22
       Kick              |     3 |     8 |    22 ||    33
       Whip              |     1 |       |       ||     1
       Short sword       |    12 |     2 |       ||    14
       Mace              |       |    14 |       ||    14
       Quarterstaff      |       |       |     4 ||     4
 Cast: Shock             |    32 |    62 |    13 ||   107
       Static Discharge  |     1 |     3 |     4 ||     8
       Airstrike         |       |       |     1 ||     1
 Abil: Fly               |       |     1 |       ||     1
Evoke: Wand              |       |     1 |     1 ||     2
  Use: Scroll            |     2 |     6 |     2 ||    10
       Potion            |     1 |       |     1 ||     2
 Stab: Sleeping          |     2 |     1 |       ||     3
  Eat: Chunk             |       |     5 |     3 ||     8
       Ration            |       |     1 |       ||     1
Armor: Robe              |    17 |     4 |     1 ||    22
Dodge: Dodged            |    45 |    50 |    30 ||   125

Table legend:
 A = Non-vault XP
 B = Vault XP
 C = Vault XP percentage of total XP
 D = Non-vault monster count
 E = Vault monster count
 F = Vault count percentage of total count
                 A         B        C        D         E       F
            +---------+---------+-------+---------+---------+-------
      Total |     902 |      41 |   4.3 |      79 |       3 |   3.7
            +---------+---------+-------+---------+---------+-------
        D:1 |      35 |       0 |   0.0 |      18 |       0 |   0.0
        D:2 |     103 |       4 |   3.7 |      23 |       2 |   8.0
        D:3 |       4 |       0 |   0.0 |       2 |       0 |   0.0
        D:4 |     536 |       0 |   0.0 |      25 |       0 |   0.0
        D:5 |     224 |      37 |  14.2 |      11 |       1 |   8.3
            +---------+---------+-------+---------+---------+-------
